 Dungeon Crawl Stone Soup version 0.28.0 (webtiles) character file.

Game seed: 16238021607648002870

92 themarg the Thaumaturge (level 4, -11/32 HPs)
             Began as a Gnoll Wanderer on Feb 6, 2022.
             Was an Initiate of Hepliaklqana.
             Mangled by an iguana (13 damage)
             ... on level 4 of the Dungeon.
             The game lasted 00:10:20 (4685 turns).

themarg the Thaumaturge (Gnoll Wanderer)            Turns: 4685, Time: 00:10:21

Health: -11/32     AC:  1    Str: 13    XL:     4   Next: 60%
Magic:  17/17      EV: 14    Int: 10    God:    Hepliaklqana [......]
Gold:   130        SH:  0    Dex: 13    Spells: 24/25 levels left

rFire   . . .      SeeInvis .   e - +0 hand axe
rCold   . . .      Faith    .   (no shield)
rNeg    . . .      Spirit   .   (no armour)
rPois   .          Reflect  .   (no helmet)
rElec   .          Harm     .   (no cloak)
rCorr   .          Rampage  .   (no gloves)
Will    .....                   l - +0 pair of boots
Stlth   ++........              (no amulet)
HPRegen 0.10/turn               (no ring)
MPRegen 0.15/turn               (no ring)

@: no status effects
A: fangs 1, strong nose, distributed training
a: Renounce Religion


You were on level 4 of the Dungeon.
You worshipped Hepliaklqana.
Hepliaklqana was noncommittal.
You visited 2 branches of the dungeon, and saw 5 of its levels.

You collected 130 gold pieces.

Inventory:

Hand Weapons
 e - a +0 hand axe (weapon)
Missiles
 b - 3 throwing nets (quivered)
Armour
 l - a +0 pair of boots (worn)
Scrolls
 a - a scroll of noise {unknown}
 d - a scroll of amnesia {unknown}
 f - 2 scrolls of enchant weapon {unknown}
 g - a scroll of vulnerability {unknown}
 i - a scroll of fog {unknown}
 j - a scroll of fear {unknown}
 k - 4 scrolls of identify {unknown}
Potions
 c - a potion of lignification


   Skills:
 + Level 1.2 Fighting
 + Level 1.2 Short Blades
 + Level 1.2 Long Blades
 + Level 1.2 Axes
 + Level 1.2 Maces & Flails
 + Level 1.2 Polearms
 + Level 1.2 Staves
 + Level 1.2 Slings
 + Level 1.2 Bows
 + Level 1.2 Crossbows
 + Level 1.2 Throwing
 + Level 2.8 Armour
 + Level 6.6 Dodging
 + Level 2.6 Stealth
 + Level 1.2 Shields
 + Level 1.2 Unarmed Combat
 + Level 11.3 Spellcasting
 + Level 1.0 Conjurations
 + Level 1.0 Hexes
 + Level 1.0 Summonings
 + Level 1.0 Necromancy
 + Level 1.0 Translocations
 + Level 1.0 Transmutations
 + Level 1.0 Fire Magic
 + Level 1.0 Ice Magic
 + Level 1.0 Air Magic
 + Level 1.0 Earth Magic
 + Level 1.0 Poison Magic
 + Level 1.3 Invocations
 + Level 1.2 Evocations


You had 24 spell levels left.
You knew the following spells:

 Your Spells              Type           Power      Damage    Failure   Level
a - Freeze                Ice            28%        1d5       8%          1

Your spell library contained the following spells:

 Spells                   Type           Power      Damage    Failure   Level
 Magic Dart               Conj           28%        1d4       8%          1
 Blink                    Tloc           14%        N/A       12%         2
 Call Imp                 Summ           7%         N/A       12%         2
 Lesser Beckoning         Tloc           7%         N/A       24%         3
 Mephitic Cloud           Conj/Pois/Air  7%         N/A       24%         3
 Ozocubu's Armour         Ice            7%         N/A       24%         3
 Manifold Assault         Tloc           7%         N/A       91%         5


Dungeon Overview and Level Annotations

Branches:
Dungeon (4/15)             Temple (1/1) D:4

Altars:
Dithmenos
Elyvilon
Fedhas
Gozag
Hepliaklqana
Nemelex Xobeh
Qazlal
Uskayaw
Vehumet
Wu Jian
Yredelemnul
Zin
The Shining One


Innate Abilities, Weirdness & Mutations

You have very sharp teeth.
Your uncanny sense of smell can sniff out nearby items.
Your experience applies equally to all skills.


Message History

Found a white marble altar of Elyvilon.
There is a hazy altar of Hepliaklqana here.
You kneel at the altar of Hepliaklqana.
Hepliaklqana welcomes you!
Found a basalt altar of Yredelemnul.
Found a shadowy altar of Dithmenos.
Found a glowing silver altar of Zin and a blossoming altar of Fedhas.
Found a stormy altar of Qazlal.
Done exploring.
There is a staircase back to the Dungeon here.
You climb upwards.
Welcome back to the Dungeon!
There is a staircase to the Ecumenical Temple here.
An iguana comes into view.
A quokka comes into view.
There is a stone staircase leading up, spattered with blood here.
The quokka closely misses you.
You see here a +0 club.
You closely miss the quokka. You bite the quokka, but do no damage.
The quokka bites you. x2
You hit the quokka but do no damage. Your bite misses the quokka.
You barely miss the iguana. The quokka barely misses you. The iguana bites you.
The quokka bites you.
You barely miss the quokka. You barely miss the iguana.
The iguana closely misses you. The quokka barely misses you.
You hit the quokka but do no damage. You hit the iguana but do no damage.
The iguana barely misses you. The quokka misses you. The iguana misses you.
You barely miss the quokka. You bite the quokka.
The quokka is moderately wounded.
You barely miss the iguana. The quokka closely misses you.
The iguana closely misses you. The quokka closely misses you.
You hit the quokka.
You kill the quokka!
You barely miss the iguana. The iguana bites you!
You closely miss the iguana. You bite the iguana, but do no damage.
The iguana bites you!
* * * LOW HITPOINT WARNING * * *
You hit the iguana.
The iguana is moderately wounded.
The iguana bites you!
You die...

...y..y... .. .......
...... ....... #. ...#
.. ....... #!#.... .
....... ..##..#.
.......###..# ..## .#
#....##..# #..####..#
#..$..#..###........#
###...@l....#..>...#
.....###...#.......#....
..##...#.......##.## . .
#......#.#.## ##.
###...##....###..
#....##..........
.####...###.........
........###.........
...#....##..........


You could see an iguana.

Vanquished Creatures
  A hound skeleton (D:4)
  3 adders
  2 adder skeletons (D:4)
  A worm (D:2)
  A dart slug (D:2)
  2 orcs (D:3)
  3 ball pythons (D:1)
  4 endoplasms
  2 giant cockroaches
  3 goblins
  4 hobgoblins
  3 jackals (D:1)
  2 kobolds (D:1)
  2 quokkas
  2 bats (D:2)
  2 frilled lizards
  2 rats (D:1)
39 creatures vanquished.

Vanquished Creatures (others)
  A plant (D:1)
1 creature vanquished.

Grand Total: 40 creatures vanquished

Notes
Turn   | Place    | Note
-------+----------+-------------------------------------------
     0 | D:1      | Reached skill level 11 in Spellcasting
     0 | D:1      | themarg the Gnoll Wanderer began the quest for the Orb.
     0 | D:1      | themarg set off with the following items: a +0 dagger, 2
                  | throwing nets, a potion of lignification, a +0 leather
                  | armour; and the following spell memorised: Freeze; and the
                  | following spells available to memorise: Ozocubu's Armour
     0 | D:1      | Reached XP level 1. HP: 13/13 MP: 12/12
   229 | D:1      | Reached XP level 2. HP: 15/19 MP: 14/14
   461 | D:1      | Found a faded altar of an unknown god.
  1208 | D:1      | Reached XP level 3. HP: 15/25 MP: 15/15
  1594 | D:2      | Found a shadowy altar of Dithmenos.
  2057 | D:2      | Reached skill level 1 in Invocations
  2319 | D:2      | Reached skill level 1 in Fighting
  2319 | D:2      | Reached skill level 1 in Short Blades
  2319 | D:2      | Reached skill level 1 in Long Blades
  2319 | D:2      | Reached skill level 1 in Axes
  2319 | D:2      | Reached skill level 1 in Maces & Flails
  2319 | D:2      | Reached skill level 1 in Polearms
  2319 | D:2      | Reached skill level 1 in Staves
  2319 | D:2      | Reached skill level 1 in Slings
  2319 | D:2      | Reached skill level 1 in Bows
  2319 | D:2      | Reached skill level 1 in Crossbows
  2319 | D:2      | Reached skill level 1 in Throwing
  2319 | D:2      | Reached skill level 1 in Shields
  2319 | D:2      | Reached skill level 1 in Unarmed Combat
  2319 | D:2      | Reached skill level 1 in Evocations
  3259 | D:3      | Reached XP level 4. HP: 24/32 MP: 17/17
  4451 | D:4      | Reached skill level 1 in Conjurations
  4451 | D:4      | Reached skill level 1 in Hexes
  4451 | D:4      | Reached skill level 1 in Summonings
  4451 | D:4      | Reached skill level 1 in Necromancy
  4451 | D:4      | Reached skill level 1 in Translocations
  4451 | D:4      | Reached skill level 1 in Transmutations
  4451 | D:4      | Reached skill level 1 in Fire Magic
  4451 | D:4      | Reached skill level 1 in Ice Magic
  4451 | D:4      | Reached skill level 1 in Air Magic
  4451 | D:4      | Reached skill level 1 in Earth Magic
  4451 | D:4      | Reached skill level 1 in Poison Magic
  4595 | D:4      | Found a staircase to the Ecumenical Temple.
  4602 | Temple   | Entered the Ecumenical Temple
  4615 | Temple   | Became a worshipper of Hepliaklqana the Forgotten
  4685 | D:4      | Mangled by an iguana

Illustrated notes

Levels and vault maps discovered:
D:1:      dpeg_arrival_stonehenge_8_columns, layout_loops_ring,
          dreamdust_ecumenical_altar_grove
D:2:      layout_basic, basic_altar
D:3:      layout_basic
D:4:      layout_cave_pools, lemuel_mausoleum_altar_kikubaaqudgha,
          minmay_temple_entry_wispy, amcnicky_mini_pool_small
Temple:   cyrus_circular_temple

Skill      XL: |  1  2  3  4 |
---------------+-------------+-----
Spellcasting   | | 11.3
Invocations    | 1 |  1.3
Fighting       | 1 |  1.2
Short Blades   | 1 |  1.2
Long Blades    | 1 |  1.2
Axes           | 1 |  1.2
Maces & Flails | 1 |  1.2
Polearms       | 1 |  1.2
Staves         | 1 |  1.2
Slings         | 1 |  1.2
Bows           | 1 |  1.2
Crossbows      | 1 |  1.2
Throwing       | 1 |  1.2
Shields        | 1 |  1.2
Unarmed Combat | 1 |  1.2
Evocations     | 1 |  1.2
Conjurations   | 1 |  1.0
Hexes          | 1 |  1.0
Summonings     | 1 |  1.0
Necromancy     | 1 |  1.0
Translocations | 1 |  1.0
Transmutations | 1 |  1.0
Fire Magic     | 1 |  1.0
Ice Magic      | 1 |  1.0
Air Magic      | 1 |  1.0
Earth Magic    | 1 |  1.0
Poison Magic   | 1 |  1.0
Armour         | |  2.8
Dodging        | |  6.6
Stealth        | |  2.6

Action                   |  1- 3 |  4- 6 || total
-------------------------+-------+-------++-------
Melee: Hand axe          |   137 |    66 ||   203
       Bite              |    13 |    10 ||    23
       Punch             |     1 |     1 ||     2
 Stab: Sleeping          |     4 |       ||     4
Armor: Leather armour    |    23 |       ||    23
       Ring mail         |    21 |     2 ||    23
       Skin              |       |     2 ||     2
Dodge: Dodged            |   109 |    63 ||   172
